 Dungeon Crawl Stone Soup version 0.22.0-75-g3901e7991e (webtiles) character file.

732 Riddle the Slasher (level 7, -4/60 HPs)
             Began as a Gnoll Chaos Knight on Sept 13, 2018.
             Killed from afar by a steam dragon (12 damage)
             ... with a ball of steam
             ... on level 5 of the Dungeon.
             The game lasted 00:12:17 (4321 turns).

Riddle the Slasher (Gnoll Chaos Knight)             Turns: 4321, Time: 00:12:17

Health: -4/60      AC:  8    Str: 16    XL:     7   Next: 73%
Magic:  10/10      EV: 13    Int: 14    God:    Xom [...*..]
Gold:   237        SH:  6    Dex: 15    Spells: 11/11 levels left

rFire    . . .     SeeInvis .   a - +0 falchion (chaos)
rCold    . . .     Gourm    .   q - +1 buckler
rNeg     . . .     Faith    .   b - +2 leather armour
rPois    .         Spirit   .   s - +0 helmet
rElec    .         Reflect  .   (no cloak)
rCorr    .         Harm     .   l - +0 pair of gloves
MR       .....                  (no boots)
Stlth    ++........             n - amulet of rage
HPRegen  0.20/turn              (no ring)
MPRegen  0.12/turn              (no ring)

@: no status effects
A: distributed training, fangs 1, strong nose
a: Renounce Religion, Evoke Berserk Rage


You were on level 5 of the Dungeon.
You worshipped Xom.
You were a favourite toy of Xom.
You were not hungry.

You visited 1 branch of the dungeon, and saw 5 of its levels.

You collected 237 gold pieces.

Inventory:

Hand Weapons
 a - a +0 falchion of chaos (weapon)
Missiles
 d - 82 stones (quivered)
Armour
 b - a +2 leather armour (worn)
 e - a +0 ring mail
 j - a +1 robe of magic resistance
 l - a +0 pair of gloves (worn)
 q - a +1 buckler (worn)
 s - a +0 helmet (worn)
Jewellery
 n - an amulet of rage (around neck)
Wands
 u - a wand of polymorph (11)
Scrolls
 f - 2 scrolls of magic mapping
 h - 6 scrolls of identify
 i - 4 scrolls of teleportation
 m - a scroll of remove curse
Potions
 g - 2 potions of haste {unknown}
 k - a potion of flight {unknown}
 o - a potion of might {unknown}
 p - 2 potions of invisibility {unknown}
 r - a potion of curing {unknown}
 t - 2 potions of heal wounds {unknown}
 v - 3 potions of berserk rage {unknown}
 z - a potion of brilliance {unknown}
Comestibles
 c - 13 rations


   Skills:
 + Level 7.1 Fighting
 + Level 2.6 Short Blades
 + Level 7.1 Long Blades
 + Level 2.6 Axes
 + Level 2.6 Maces & Flails
 + Level 2.6 Polearms
 + Level 2.6 Staves
 + Level 2.6 Slings
 + Level 2.6 Bows
 + Level 2.6 Crossbows
 + Level 2.6 Throwing
 + Level 5.3 Armour
 + Level 3.7 Dodging
 + Level 2.6 Stealth
 + Level 2.6 Shields
 + Level 2.6 Unarmed Combat
 + Level 2.6 Spellcasting
 + Level 2.1 Conjurations
 + Level 2.1 Hexes
 + Level 2.1 Charms
 + Level 2.1 Summonings
 + Level 2.1 Necromancy
 + Level 2.1 Translocations
 + Level 2.1 Transmutations
 + Level 2.1 Fire Magic
 + Level 2.1 Ice Magic
 + Level 2.1 Air Magic
 + Level 2.1 Earth Magic
 + Level 2.1 Poison Magic
 + Level 2.9 Invocations
 + Level 2.6 Evocations


You had 11 spell levels left.
You didn't know any spells.
Your spell library was empty.

Dungeon Overview and Level Annotations

Branches:
Dungeon (5/15)             Temple (0/1) D:5

Altars:
Ashenzari
Cheibriados
Fedhas
Makhleb
Nemelex Xobeh
Xom

Shops:
D:4 }

Annotations:
D:5 3 runed doors


Innate Abilities, Weirdness & Mutations

Your experience applies equally to all skills.
You have very sharp teeth.
Your uncanny sense of smell can sniff out nearby items.


Message History

Your ufetubus hits the steam dragon but does no damage.
Your ufetubus barely misses the steam dragon.
Your ufetubus hits the steam dragon but does no damage.
Your ufetubus closely misses the steam dragon.
The steam dragon breathes steam at you. The ball of steam hits your ufetubus.
Your ufetubus dies!
The ball of steam hits you!
* * * LOW HITPOINT WARNING * * *
You barely miss the steam dragon.
The steam dragon is moderately wounded.
You hit the steam dragon.
The steam dragon flickers and vanishes!
Deactivating autopickup; reactivate with Ctrl-A.
Xom thinks this is hilarious!
You bite something. Something bites you but does no damage.
Something claws you but does no damage.
You hear a roar.
A ball of steam appears from out of thin air!
The ball of steam hits you!
You die...

#..#.######.# #..# #....# #.#
#..# #..### #.# #%.# # #..#
#####.######..# ###..#
.......§§.....# .##..#
#....§....# ..#..##
####..8§8.8..# # .## ...
#......⌠.⌠...#.# .# #.#
#.##..8@>.8..#.#### .####.#
#.##...⌠.⌠.......... ...##.#
#.###.8[8.8..$.#####
...##.####.# #.......#..#
._......_#.# #####..##..#
._.##.##.#.# #.## ..#
_..##.##.#.#######.###.8#####
#####.##................#o...
#.#####...####.##...#o.##


There were no monsters in sight!

Vanquished Creatures
  An ogre (D:5)
  A bullfrog (D:5)
  Blork the orc (D:4)
  A scorpion (D:4)
  A crimson imp (D:5)
  A bullfrog zombie (D:5)
  3 hounds
  A centaur skeleton (D:5)
  3 worker ants
  Robin (D:4)
  3 gnolls (D:3)
  5 adders
  An ooze (D:1)
  An adder skeleton (D:4)
  5 worms
  A dart slug (D:4)
  3 leopard geckos
  3 orcs
  2 ball pythons
  9 bats
  3 giant cockroaches
  11 goblins
  13 hobgoblins
  6 jackals
  A quokka (D:3)
  7 frilled lizards
  8 kobolds
  A leopard gecko skeleton (D:5)
  A leopard gecko zombie (D:5)
  A quokka skeleton (D:4)
  13 rats
112 creatures vanquished.

Vanquished Creatures (collateral kills)
  A gnoll (D:3)
1 creature vanquished.

Grand Total: 113 creatures vanquished

Notes
Turn   | Place    | Note
-------+----------+-------------------------------------------
     0 | D:1      | Riddle the Gnoll Chaos Knight began the quest for the Orb.
     0 | D:1      | Reached XP level 1. HP: 23/23 MP: 1/1
    19 | D:1      | Reached XP level 2. HP: 29/29 MP: 2/2
   227 | D:1      | XOM: mild Chrm miscast
   386 | D:1      | Reached XP level 3. HP: 34/35 MP: 3/3
   527 | D:1      | Found a snail-covered altar of Cheibriados.
   776 | D:1      | XOM: divination: magic mapping
   941 | D:2      | Reached skill level 1 in Invocations
  1029 | D:2      | Found a shattered altar of Ashenzari.
  1232 | D:2      | Reached skill level 1 in Short Blades
  1232 | D:2      | Reached skill level 1 in Axes
  1232 | D:2      | Reached skill level 1 in Maces & Flails
  1232 | D:2      | Reached skill level 1 in Polearms
  1232 | D:2      | Reached skill level 1 in Staves
  1232 | D:2      | Reached skill level 1 in Slings
  1232 | D:2      | Reached skill level 1 in Bows
  1232 | D:2      | Reached skill level 1 in Crossbows
  1232 | D:2      | Reached skill level 1 in Throwing
  1232 | D:2      | Reached skill level 1 in Stealth
  1232 | D:2      | Reached skill level 1 in Shields
  1232 | D:2      | Reached skill level 1 in Unarmed Combat
  1232 | D:2      | Reached skill level 1 in Spellcasting
  1232 | D:2      | Reached skill level 1 in Evocations
  1232 | D:2      | Reached XP level 4. HP: 38/41 MP: 5/5
  1424 | D:2      | XOM: harmless Chrm miscast
  1950 | D:3      | Reached skill level 1 in Conjurations
  1950 | D:3      | Reached skill level 1 in Hexes
  1950 | D:3      | Reached skill level 1 in Charms
  1950 | D:3      | Reached skill level 1 in Summonings
  1950 | D:3      | Reached skill level 1 in Necromancy
  1950 | D:3      | Reached skill level 1 in Translocations
  1950 | D:3      | Reached skill level 1 in Transmutations
  1950 | D:3      | Reached skill level 1 in Fire Magic
  1950 | D:3      | Reached skill level 1 in Ice Magic
  1950 | D:3      | Reached skill level 1 in Air Magic
  1950 | D:3      | Reached skill level 1 in Earth Magic
  1950 | D:3      | Reached skill level 1 in Poison Magic
  2368 | D:3      | XOM: mild Conj miscast
  2375 | D:3      | Reached XP level 5. HP: 47/47 MP: 6/6
  2463 | D:3      | Found a burning altar of Makhleb.
  2463 | D:3      | Found a blossoming altar of Fedhas.
  2492 | D:3      | XOM: divination: detect creatures
  2621 | D:3      | XOM: cast spell 'Monstrous Menagerie'
  2976 | D:3      | XOM: god gift: 18 sling bullets
  3043 | D:4      | Noticed Robin
  3065 | D:4      | Killed Robin
  3130 | D:4      | Reached XP level 6. HP: 48/53 MP: 8/8
  3133 | D:4      | XOM: polymorph orc -> frilled lizard
  3297 | D:4      | Found Wustralyu's Gadget Boutique.
  3372 | D:4      | Reached skill level 5 in Armour
  3378 | D:4      | Noticed Blork the orc
  3381 | D:4      | XOM: cleaving
  3391 | D:4      | Killed Blork the orc
  3691 | D:4      | XOM: scenery: create altars
  3707 | D:5      | Entered Level 5 of the Dungeon
  3759 | D:5      | Reached XP level 7. HP: 59/59 MP: 10/10
  3955 | D:5      | XOM: mild Erth miscast
  4137 | D:5      | Found a sparkling altar of Nemelex Xobeh.
  4180 | D:5      | XOM: divination: detect creatures
  4183 | D:5      | XOM: divination: detect creatures
  4192 | D:5      | XOM: scenery: create altars
  4202 | D:5      | XOM: destruction
  4210 | D:5      | XOM: god gift: scroll of teleportation
  4276 | D:5      | Found a runed gate.
  4276 | D:5      | Found a runed gate.
  4276 | D:5      | Found a runed gate.
  4286 | D:5      | Found a staircase to the Ecumenical Temple.
  4305 | D:5      | Noticed a steam dragon
  4305 | D:5      | a worker ant changed into a steam dragon
  4312 | D:5      | XOM: summons friendly ufetubus
  4321 | D:5      | Killed from afar by a steam dragon

Skill      XL: |  1  2  3  4  5  6  7 |
---------------+----------------------+-----
Invocations    | 1 2 |  2.9
Short Blades   | 1 2 |  2.6
Axes           | 1 2 |  2.6
Maces & Flails | 1 2 |  2.6
Polearms       | 1 2 |  2.6
Staves         | 1 2 |  2.6
Slings         | 1 2 |  2.6
Bows           | 1 2 |  2.6
Crossbows      | 1 2 |  2.6
Throwing       | 1 2 |  2.6
Stealth        | 1 2 |  2.6
Shields        | 1 2 |  2.6
Unarmed Combat | 1 2 |  2.6
Spellcasting   | 1 2 |  2.6
Evocations     | 1 2 |  2.6
Conjurations   | 1 2 |  2.1
Hexes          | 1 2 |  2.1
Charms         | 1 2 |  2.1
Summonings     | 1 2 |  2.1
Necromancy     | 1 2 |  2.1
Translocations | 1 2 |  2.1
Transmutations | 1 2 |  2.1
Fire Magic     | 1 2 |  2.1
Ice Magic      | 1 2 |  2.1
Air Magic      | 1 2 |  2.1
Earth Magic    | 1 2 |  2.1
Poison Magic   | 1 2 |  2.1
Dodging        | 3 |  3.7
Armour         | 5 |  5.3
Fighting       | 7 |  7.1
Long Blades    | 7 |  7.1

Action                   |  1- 3 |  4- 6 |  7- 9 || total
-------------------------+-------+-------+-------++-------
Melee: Falchion          |   100 |   184 |    89 ||   373
       Bite              |     9 |    21 |     8 ||    38
  Use: Scroll            |       |     9 |     2 ||    11
 Stab: Confused          |     2 |       |     1 ||     3
       Sleeping          |     1 |     3 |     2 ||     6
  Eat: Chunk             |     1 |     7 |     3 ||    11
Armor: Ring mail         |    48 |       |       ||    48
       Leather armour    |     5 |    45 |    24 ||    74
Dodge: Dodged            |    47 |    95 |    43 ||   185
Block: Buckler           |       |    28 |    10 ||    38
       Rpst.: Falchion   |    14 |    28 |    16 ||    58
